AoeStats
← residua

Black Forest

509949791Analyzed
2v2 RM · 4d ago on Sep 28, 2026· 45m 39s· 4 players
Game mode
Random Map
Map size
Medium (4 player)
Population
200
Speed
Normal
Resources
Standard
Victory
Conquest
Starting age
Dark Age
Ending age
Imperial Age
RankedLock teamsTeams togetherTeam positionsShared explorationLock speedFull tech treeHidden civsTurbo modeCheats
Victory
Defeat
🇬🇧 Cumans · United Kingdom
730
+12
🇬🇧 Spanish · United Kingdom
709
+13
🇦🇷 Khmer · Argentina
652
-13
🇨🇾 Aztecs · Cyprus
624
-12
OSAKA
10:14 Loom
12:00 Feudal Age
16:17 Castle Age
14:32 Double-Bit Axe
23:04 Bow Saw
26:36 Horse Collar
27:33 Wheelbarrow
28:34 Hand Cart
31:01 Scale Barding Armor
tolislambrou
0:56 Loom
12:30 Feudal Age
16:10 Forging
22:27 Castle Age
21:46 Forging
22:43 Eagle Warrior
28:40 Wheelbarrow
28:25 Double-Bit Axe
30:48 Hand Cart
31:35 Squires
32:38 Bow Saw
32:11 Horse Collar
34:39 Iron Casting
40:22 Imperial Age
39:48 Scale Mail Armor
40:31 Elite Eagle Warrior
40:56 Arson
42:18 Blast Furnace
41:42 Gold Mining
42:28 Garland Wars
43:24 Chain Mail Armor
43:56 Conscription
residua
10:09 Loom
12:29 Feudal Age
14:41 Double-Bit Axe
15:16 Horse Collar
15:27 Double-Bit Axe
17:53 Castle Age
21:25 Scale Barding Armor
23:43 Wheelbarrow
23:56 Gold Mining
25:10 Bow Saw
25:35 Heavy Plow
27:14 Chain Barding Armor
26:45 Fletching
27:07 Forging
27:43 Hand Cart
33:06 Bloodlines
34:10 Iron Casting
33:31 Bodkin Arrow
39:53 Imperial Age
37:36 Caravan
38:48 Ballistics
38:25 Murder Holes
39:22 Steppe Husbandry
39:56 Cavalier
40:43 Cuman Mercenaries
41:04 Conscription
43:03 Two-Man Saw
41:56 Stone Mining
42:41 Gold Shaft Mining
43:10 Blast Furnace
43:02 Elite Kipchak
44:47 Town Watch
45:40 Plate Barding Armor
45:13 Paladin
BigBoyBolly
11:56 Feudal Age
12:32 Horse Collar
12:39 Double-Bit Axe
16:49 Wheelbarrow
20:02 Castle Age
18:39 Scale Mail Armor
19:15 Man-at-Arms
21:07 Bow Saw
20:59 Heavy Plow
20:27 Pikeman
21:08 Squires
21:20 Gold Mining
26:27 Hand Cart
28:17 Chain Mail Armor
28:32 Loom
28:36 Town Watch
29:03 Stone Mining
31:14 Forging
35:39 Iron Casting
39:46 Imperial Age
38:54 Padded Archer Armor
38:46 Fletching
39:05 Caravan
41:29 Elite Conquistador
42:37 Conscription
42:55 Hoardings
43:09 Plate Mail Armor
43:40 Blast Furnace
42:55 Leather Archer Armor
42:52 Scale Barding Armor
42:56 Town Patrol
44:08 Two-Man Saw
44:05 Capped Ram
Connection lost

Rejoining the realm…

Still unreachable

The connection could not be restored.

Session expired

The server has moved on; the page needs a fresh start.